 Dungeon Crawl Stone Soup version 0.24.0-13-gcf9b3192b9 (webtiles) character file.

Game seed: 1747780385251696281, levelgen mode: deterministic

145 Delamore the Chopper (level 5, -2/45 HPs)
             Began as a Hill Orc Fighter on Nov 9, 2019.
             Slain by martbhell's ghost (10 damage)
             ... on level 3 of the Dungeon.
             The game lasted 00:01:46 (1226 turns).

Delamore the Chopper (Hill Orc Fighter)             Turns: 1226, Time: 00:01:46

Health: -2/45      AC: 11    Str: 20    XL:     5   Next: 27%
Magic:  5/5        EV:  3    Int:  8    God:
Gold:   161        SH:  9    Dex: 10    Spells: 4/4 levels left

rFire    . . .     SeeInvis .   a - +0 war axe
rCold    . . .     Gourm    .   c - +0 shield
rNeg     . . .     Faith    .   p - +0 plate armour
rPois    .         Spirit   .   (no helmet)
rElec    .         Reflect  .   (no cloak)
rCorr    .         Harm     .   (no gloves)
MR       .....                  (no boots)
Stlth    ..........             (no amulet)
HPRegen  0.15/turn              (no ring)
MPRegen  0.09/turn              (no ring)

@: no status effects
A: no striking features
a: no special abilities


You were on level 3 of the Dungeon.
You were not hungry.

You visited 1 branch of the dungeon, and saw 3 of its levels.

You collected 161 gold pieces.

Inventory:

Hand Weapons
 a - a +0 war axe (weapon)
Armour
 c - a +0 shield (worn)
 p - a +0 plate armour (worn)
Wands
 q - a wand of iceblast (7)
Scrolls
 e - 3 scrolls of fear {unknown}
 g - a scroll of enchant weapon {unknown}
 h - 3 scrolls of teleportation {unknown}
 i - a scroll of fog {unknown}
 j - a scroll of identify {unknown}
 k - a scroll of random uselessness {unknown}
 n - 2 scrolls of remove curse {unknown}
Potions
 d - a potion of might
 l - a potion of curing {unknown}
 m - a potion of lignification {unknown}
 o - a potion of brilliance {unknown}
Comestibles
 f - 8 rations


   Skills:
 - Level 3.6 Fighting
 + Level 6.7 Axes
 - Level 3.2 Armour
 + Level 0.9 Dodging
 + Level 0.1 Stealth
 - Level 3.2 Shields


You had 4 spell levels left.
You didn't know any spells.
Your spell library contained the following spells:

 Spells                   Type           Power        Failure   Level  Hunger
 Animate Skeleton         Necr           N/A          100%        1    ##.....
 Apportation              Tloc           #.....       100%        1    ##.....
 Confusing Touch          Hex            #.....       100%        1    ##.....
 Summon Small Mammal      Summ           #...         100%        1    ##.....


Dungeon Overview and Level Annotations

Branches:
Dungeon (3/15)

Altars:
Fedhas
Xom

Annotations:
D:3 AlterAsc's ghost, amateur OgFi; MeekVeins's ghost, amateur DEEE; martbhell's ghost, amateur MiFi


Message History

Martbhell's ghost is lightly damaged.
You hit AlterAsc's ghost.
AlterAsc's ghost is lightly damaged.
You barely miss martbhell's ghost.
Martbhell's ghost hits you but does no damage.
AlterAsc's ghost hits you but does no damage.
Martbhell's ghost hits you. AlterAsc's ghost hits you!
Your shield prevents you from hitting AlterAsc's ghost.
AlterAsc's ghost is lightly damaged.
You closely miss martbhell's ghost. AlterAsc's ghost hits you.
Martbhell's ghost hits you but does no damage.
You slash AlterAsc's ghost!
AlterAsc's ghost is moderately damaged.
You closely miss martbhell's ghost. Martbhell's ghost hits you!
* * * LOW HITPOINT WARNING * * *
AlterAsc's ghost hits you but does no damage.
You closely miss AlterAsc's ghost.
AlterAsc's ghost is moderately damaged.
You closely miss martbhell's ghost. Martbhell's ghost hits you!
You die...

#.....######.##
#.....#.......#
#.....#.##.##?## #.
#.....#.##.##..
###.###.....#.##.##.#
#...(.......#.##.##†# #
..##......#.......#
.###.#........##W##.####
.........)#.#.##@WW....#
..........#.#.####'''###
#......(......#P.......P#
#.............#⌠.......⌠#
#...........#.#P.......P#
#[.<..........#$.......$#
#...†.......####8.)...8##
..........### ##$[8[$##
#.........#


You could see AlterAsc's ghost, MeekVeins's ghost and martbhell's ghost.

Vanquished Creatures
  An ogre (D:2)
  An adder (D:2)
  A worm (D:2)
  2 leopard geckos (D:1)
  7 bats
  2 giant cockroaches
  5 goblins
  8 hobgoblins
  3 jackals (D:3)
  2 ball pythons
  4 frilled lizards
  6 kobolds
  3 rats
45 creatures vanquished.

Notes
Turn   | Place    | Note
-------+----------+-------------------------------------------
     0 | D:1      | Delamore the Hill Orc Fighter began the quest for the Orb.
     0 | D:1      | Reached XP level 1. HP: 19/19 MP: 1/1
     8 | D:1      | Reached skill level 3 in Axes
    73 | D:1      | Reached XP level 2. HP: 13/26 MP: 2/2
   334 | D:1      | Reached skill level 4 in Axes
   389 | D:1      | Reached XP level 3. HP: 27/31 MP: 3/3
   483 | D:2      | Noticed an ogre
   493 | D:2      | Killed an ogre
   493 | D:2      | Reached skill level 6 in Axes
   493 | D:2      | Reached XP level 4. HP: 11/39 MP: 4/4
   737 | D:2      | Reached XP level 5. HP: 45/45 MP: 5/5
  1095 | D:2      | Found a shimmering altar of Xom.
  1095 | D:2      | Found a blossoming altar of Fedhas.
  1208 | D:3      | Found a runed translucent gate.
  1208 | D:3      | Found a runed translucent gate.
  1208 | D:3      | Found a runed translucent gate.
  1209 | D:3      | Noticed AlterAsc's ghost (amateur OgFi)
  1209 | D:3      | Noticed MeekVeins's ghost (amateur DEEE)
  1209 | D:3      | Noticed martbhell's ghost (amateur MiFi)
  1226 | D:3      | Slain by martbhell's ghost

Levels and vault maps discovered:
D:1:      dpeg_arrival_shelter, layout_rooms
D:2:      layout_rooms, gammafunk_temple_overflow_wave, minmay_tetromino_o4
D:3:      layout_loops_cross, gammafunk_ghost_cemetery, uniq_robin

Skill      XL: |  1  2  3 |
---------------+----------+-----
Axes           | 3 4 6 |  6.7
Fighting       | |  3.6
Armour         | |  3.2
Dodging        | |  0.9
Stealth        | |  0.1
Shields        | |  3.2

Action                   |  1- 3 |  4- 6 || total
-------------------------+-------+-------++-------
Melee: War axe           |    59 |    63 ||   122
  Eat: Chunk             |       |     1 ||     1
Armor: Scale mail        |    33 |    25 ||    58
       Plate armour      |       |     5 ||     5
Dodge: Dodged            |    23 |    12 ||    35
Block: Shield            |    32 |    31 ||    63
